 Dungeon Crawl Stone Soup version 0.31.0-32-g396128a36d (webtiles) character file.

Game seed: 14796702135567880991

1634 Peloso the Carver (level 8, -1/105 HPs)
             Began as a Minotaur Fighter on Apr 13, 2024.
             Was a Follower of Okawaru.
             Succumbed to a killer bee's poison
             ... on level 7 of the Dungeon.
             The game lasted 00:09:04 (6117 turns).

Peloso the Carver (Minotaur Fighter)                Turns: 6117, Time: 00:09:04

Health: -1/105     AC: 10    Str: 20    XL:     8   Next: 66%
Magic:  7/7        EV:  9    Int:  5    God:    Okawaru [*.....]
Gold:   481        SH:  6    Dex: 19    Spells: 7/7 levels left

rFire   . . .        a - +0 long sword
rCold   . . .        d - +0 buckler
rNeg    . . .        c - +0 chain mail
rPois   .            (helmet restricted)
rElec   .            (no cloak)
rCorr   .            (no gloves)
SInv    .            (no boots)
Will    .....        (no amulet) Stlth
                     i - +6 ring of dexterity
HPRegen 0.37/turn    (no ring)
MPRegen 0.10/turn

%: no passive effects
@: berserking, lethally poisoned (-1 -> -11), very quick
A: horns 2, retaliatory headbutt
a: Renounce Religion, Heroism


You were on level 7 of the Dungeon.
You worshipped Okawaru.
Okawaru was aware of your devotion.
You visited 2 branches of the dungeon, and saw 8 of its levels.

You collected 481 gold pieces.

Inventory:

Hand Weapons
 a - a +0 long sword (weapon)
Missiles
 m - a throwing net (quivered)
Armour
 b - a +0 scale mail
 c - a +0 chain mail (worn)
 d - a +0 buckler (worn)
Jewellery
 i - a +6 ring of dexterity (left hand)
 l - a +6 ring of strength
Wands
 n - a wand of paralysis (9)
 q - a wand of digging (3)
Scrolls
 g - 3 scrolls of identify
 h - 2 scrolls of teleportation
 k - 2 scrolls of fog {unknown}
 o - 2 scrolls of fear {unknown}
 p - a scroll of noise {unknown}
 r - a scroll of silence {unknown}
 s - a scroll of vulnerability {unknown}
 u - a scroll of immolation {unknown}
Potions
 j - 2 potions of haste
 t - 2 potions of might


   Skills:
 + Level 6.2 Fighting
 + Level 8.2 Long Blades
 + Level 7.1 Armour
 + Level 3.0 Dodging
 + Level 0.2 Stealth
 + Level 6.8 Shields


You had 7 spell levels left.
You didn't know any spells.
Your spell library contained the following spells:

 Spells                   Type           Power      Damage    Failure   Level
 Gell's Gravitas          Tloc           0%         N/A       100%        3
 Teleport Other           Tloc           0%         N/A       100%        3
 Olgreb's Toxic Radiance  Alch           0%         N/A       100%        4
 Dispersal                Tloc           0%         N/A       100%        6
 Ozocubu's Refrigeration  Ice            0%         4d7       100%        7
 Discord                  Hex            0%         N/A       100%        8


Dungeon Overview and Level Annotations

Branches:
Dungeon (7/15)             Temple (1/1) D:4

Altars:
Ashenzari
Cheibriados
Dithmenos
Elyvilon
Fedhas
Gozag
Hepliaklqana
Kikubaaqudgha
Makhleb
Nemelex Xobeh
Okawaru
Ru
Sif Muna
Trog
Uskayaw
Vehumet
Wu Jian
Xom
Yredelemnul
Zin
The Shining One

Shops:
D:7 :


Innate Abilities, Weirdness & Mutations

You have a pair of horns on your head.
You reflexively headbutt those who attack you in melee.


Message History

The killer bee stings you but does no damage. x2
The killer bee stings you.
* * * LOW HITPOINT WARNING * * *
You are poisoned.
The killer bee poisons you! The killer bee closely misses you.
You block the killer bee's attack. The killer bee barely misses you.
Unknown command.
You feel better. You block the killer bee's attack. x2
The killer bee barely misses you.
The killer bee stings you but does no damage.
The killer bee stings you.
* * * LOW HITPOINT WARNING * * *
You are poisoned.
The killer bee poisons you! The killer bee stings you!
* * * LOW HITPOINT WARNING * * *
You are lethally poisoned!
The killer bee poisons you!
The killer bee stings you but does no damage. x2
The killer bee barely misses you.
The killer bee stings you but does no damage.
It was a potion of berserk rage.
A red film seems to cover your vision as you go berserk!
You feel yourself moving faster!
You feel mighty!
* * * LOW HITPOINT WARNING * * *
You feel very sick.
The killer bee stings you but does no damage.
The killer bee completely misses you. You block the killer bee's attack.
The killer bee barely misses you. You furiously retaliate!
You headbutt the killer bee! The killer bee stings you.
* * * LOW HITPOINT WARNING * * *
The killer bee barely misses you. You furiously retaliate!
You headbutt the killer bee! You block the killer bee's attack.
The killer bee closely misses you. You furiously retaliate!
You headbutt the killer bee. The killer bee stings you.
* * * LOW HITPOINT WARNING * * *
The killer bee stings you but does no damage.
You closely miss the killer bee.
The killer bee is severely wounded.
Your surroundings seem slightly different.
You die...

#.#############... #.# ####..#.
###.########........
#....yyy............ .#
#######.#..y§..:.........# ..
.#....#..##y...........##. ..###
.#.......#.#.?........#.#.
..#.###..........#.##......##.#..
..#.............@.# #....#.##...
..#†..<...........# #..#.#.#...
.....#.#..<#+#.....# #..##.#....
.....#+#...# #......##....##.....
...........# ....................
.......... #.#...................
........#..#.#......##....##.....
........# ## #.....#.##..##.#....
.......... #.#.#..#.#.#...


You could see 4 killer bees.

Vanquished Creatures
  An orc warrior (D:6)
  A black bear (D:7)
  2 centaurs
  2 kobold brigands (D:6)
  3 bullfrogs
  2 scorpions
  A killer bee (D:7)
  A bombardier beetle (D:4)
  4 hounds
  4 orc priests
  Jessica (D:2)
  An iguana (D:4)
  7 orc wizards
  4 gnolls (D:3)
  12 adders
  5 dart slugs
  37 orcs
  4 endoplasms
  2 giant cockroaches
  5 hobgoblins
  7 jackals
  18 kobolds
  8 ball pythons
  5 bats
  3 frilled lizards
  7 goblins
  8 rats
155 creatures vanquished.

Notes
Turn   | Place    | Note
-------+----------+-------------------------------------------
     0 | D:1      | Peloso the Minotaur Fighter began the quest for the Orb.
     0 | D:1      | Reached XP level 1. HP: 19/19 MP: 0/0
   185 | D:1      | Reached XP level 2. HP: 27/27 MP: 1/1
   905 | D:2      | Reached XP level 3. HP: 20/33 MP: 2/2
  1042 | D:2      | Noticed Jessica
  1059 | D:2      | Killed Jessica
  1060 | D:2      | Reached skill level 3 in Long Blades
  1060 | D:2      | Reached skill level 1 in Dodging
  1060 | D:2      | Reached XP level 4. HP: 40/40 MP: 3/3
  1645 | D:3      | Reached skill level 4 in Long Blades
  1674 | D:3      | Reached XP level 5. HP: 42/46 MP: 4/4
  1701 | D:3      | Found a faded altar of an unknown god.
  1840 | D:3      | Found a white marble altar of Elyvilon.
  2120 | D:3      | Reached skill level 5 in Shields
  2372 | D:3      | Reached skill level 5 in Long Blades
  2416 | D:3      | Reached XP level 6. HP: 48/53 MP: 5/5
  2697 | D:4      | Reached skill level 5 in Fighting
  3076 | D:4      | Reached skill level 6 in Long Blades
  3136 | D:4      | Reached skill level 5 in Armour
  3200 | D:4      | Reached XP level 7. HP: 61/61 MP: 6/6
  3264 | D:4      | Found a staircase to the Ecumenical Temple.
  3288 | Temple   | Entered the Ecumenical Temple
  3327 | D:4      | Found a snail-covered altar of Cheibriados.
  4013 | D:5      | Entered Level 5 of the Dungeon
  4135 | D:5      | Found an iron altar of Okawaru.
  4135 | D:5      | Found a sparkling altar of Nemelex Xobeh.
  4142 | D:5      | Found an ancient bone altar of Kikubaaqudgha.
  4145 | D:5      | Found a basalt altar of Yredelemnul.
  4147 | D:5      | Found a hide-covered altar of Uskayaw.
  4157 | D:5      | Became a worshipper of Warmaster Okawaru
  4168 | D:5      | Found a broken altar of Ashenzari.
  4835 | D:6      | Found an ornate altar of the Wu Jian Council.
  4960 | D:6      | Reached skill level 7 in Long Blades
  4960 | D:6      | Reached XP level 8. HP: 57/70 MP: 7/7
  5045 | D:6      | Reached * piety under Okawaru
  5200 | D:6      | Found a shimmering altar of Xom.
  5200 | D:6      | Found a shimmering altar of Xom.
  5203 | D:6      | Found a shimmering altar of Xom.
  5203 | D:6      | Found a shimmering altar of Xom.
  5981 | D:7      | Reached skill level 8 in Long Blades
  6082 | D:7      | Found Buruzik's Tiny Tomes.
  6116 | D:7      | HP: 3/105 [killer bee (3)]
  6116 | D:7      | HP: 1/105 [killer bee (2)]
  6117 | D:7      | Succumbed to a killer bee's poison

Illustrated notes

Levels and vault maps discovered:
D:1:      lightli_arrival_statue_moat, layout_basic
D:2:      layout_basic, uniq_jessica
D:3:      layout_rooms, lemuel_tele_altar, basic_ecumenical_altar,
          nicolae_eternal_life, grunt_ministairs_8, fountainhead,
          nicolae_half_adder
D:4:      layout_layer_cave, amcnicky_altar_gilded, minmay_temple_entry_tees,
          kennysheep_generic_room_4
D:5:      layout_cave_pools, nicolae_overflow_hallway_of_the_gods,
          minmay_misc_feat_four_crosses
D:6:      layout_basic, mainiacjoe_overflow_chevrons, xom_redecorated
D:7:      layout_basic, serial_shops, shop, nicolae_shop_i_like_small_books_too,
          minmay_misc_feat_secret_circle
Temple:   grunt_temple_mini_profane

Skill      XL: |  1  2  3  4  5  6  7  8 |
---------------+-------------------------+-----
Shields        | 4 5 6 |  6.8
Armour         | 4 5 6 7 |  7.1
Fighting       | 4 5 6 |  6.2
Long Blades    | 3 4 5 6 7 8 |  8.2
Dodging        | 1 2 3 |  3.0
Stealth        | |  0.2

Action                     |  1- 3 |  4- 6 |  7- 9 || total
---------------------------+-------+-------+-------++-------
  Melee: Long sword        |    53 |   171 |   165 ||   389
         Headbutt          |     9 |    29 |    32 ||    70
    Use: Scroll            |     2 |     3 |     2 ||     7
         Potion            |     2 |       |     3 ||     5
 Armour: Scale mail        |    45 |   120 |    48 ||   213
         Chain mail        |       |       |   129 ||   129
  Dodge: Dodged            |    28 |    93 |    87 ||   208
  Block: Buckler           |    29 |    72 |    92 ||   193
